 Dungeon Crawl Stone Soup version 0.24.0-125-gc4c63601f3 (webtiles) character file.

Game seed: 10187163647448302496, levelgen mode: deterministic

48 nightchill the Ruffian (level 3, -6/29 HPs)
             Began as a Draconian Transmuter on Mar 13, 2020.
             Mangled by Natasha (8 damage)
             ... on level 2 of the Dungeon.
             The game lasted 00:02:26 (1354 turns).

nightchill the Ruffian (Draconian Transmuter)       Turns: 1354, Time: 00:02:26

Health: -6/29      AC:  6    Str: 13    XL:     3   Next: 50%
Magic:  6/6        EV: 12    Int: 13    God:
Gold:   41         SH:  0    Dex: 11    Spells: 5/6 levels left

rFire    . . .     SeeInvis .     - Unarmed
rCold    . . .     Gourm    .   (no shield)
rNeg     . . .     Faith    .   (armour unavailable)
rPois    .         Spirit   .   (helmet restricted)
rElec    .         Reflect  .   b - +0 cloak
rCorr    .         Harm     .   (no gloves)
MR       .....                  (no boots)
Stlth    +.........             (no amulet)
HPRegen  0.09/turn              (no ring)
MPRegen  0.10/turn              (no ring)

@: slowed, very slow
A: unfitting armour, cold-blooded, AC +5
a: no special abilities


You were on level 2 of the Dungeon.
You were not hungry.

You visited 1 branch of the dungeon, and saw 2 of its levels.

You collected 41 gold pieces.

Inventory:

Missiles
 a - 12 arrows
 o - 72 stones (quivered)
Armour
 b - a +0 cloak (worn)
Jewellery
 h - an uncursed ring of resist corrosion {unknown}
Scrolls
 d - a scroll of identify {unknown}
 g - a scroll of teleportation {unknown}
 m - a scroll of noise {unknown}
Potions
 e - a potion of berserk rage {unknown}
 f - a potion of ambrosia {unknown}
 i - a potion of flight {unknown}
 j - a potion of heal wounds {unknown}
 k - a potion of brilliance {unknown}
 l - a potion of agility {unknown}
 n - a potion of might {unknown}
Comestibles
 c - 3 rations
 p - 2 chunks of flesh


   Skills:
 + Level 1.9 Fighting
 - Level 1.7 Dodging
 * Level 3.7 Unarmed Combat
 - Level 2.0 Spellcasting
 * Level 2.9 Transmutations


You had 5 spell levels left.
You knew the following spells:

 Your Spells              Type           Power        Failure   Level  Hunger
a - Beastly Appendage     Tmut           #.....       8%          1    ##.....

Your spell library contained the following spells:

 Spells                   Type           Power        Failure   Level  Hunger
 Sticks to Snakes         Tmut           #.......     12%         2    ###....
 Spider Form              Tmut/Pois      #.........   38%         3    ####...
 Ice Form                 Ice/Tmut       #.......     80%         4    #####..
 Blade Hands              Tmut           #.........   91%         5    ######.


Dungeon Overview and Level Annotations

Branches:
Dungeon (2/15)

Altars:
Makhleb

Annotations:
D:2 Natasha


Innate Abilities, Weirdness & Mutations

Your plain brown scales are hard. (AC +5)
You cannot fit into any form of body armour.
You are cold-blooded and may be slowed by cold attacks.


Message History

Natasha mumbles some strange words.
You hit Natasha.
Natasha is heavily wounded.
Natasha casts a spell at you. You resist with significant effort.
You hit Natasha. Your kick misses Natasha.
Natasha is almost dead.
Natasha casts a spell at you.
You feel as though you will be slow longer.
Natasha claws you.
* * * LOW HITPOINT WARNING * * *
You barely miss Natasha.
Natasha is almost dead.
Natasha claws you.
* * * LOW HITPOINT WARNING * * *
You barely miss Natasha. Your kick misses Natasha.
Natasha is almost dead.
Your talons disappear.
Natasha claws you!
You die...

### #.#
#.#### #....#
#.##@#
#####.##h#
#.....##5#
#.##§§§..#
#....§###....
#§§§§§# . ..
#§.§§§.§ .
#.PP§.§##..
#.#####


You could see Natasha and a shadow imp.

Vanquished Creatures
  An adder (D:2)
  A worm (D:2)
  A dart slug (D:1)
  A giant cockroach (D:1)
  5 goblins (D:1)
  8 hobgoblins
  2 jackals (D:1)
  3 kobolds (D:1)
  A ball python (D:1)
  3 bats (D:1)
  A frilled lizard (D:1)
  A jackal zombie (D:2)
  2 rats (D:1)
30 creatures vanquished.

Notes
Turn   | Place    | Note
-------+----------+-------------------------------------------
     0 | D:1      | nightchill the Draconian Transmuter began the quest for the
                  | Orb.
     0 | D:1      | Reached XP level 1. HP: 16/16 MP: 3/3
   225 | D:1      | Reached XP level 2. HP: 17/23 MP: 3/5
   839 | D:1      | Reached XP level 3. HP: 25/29 MP: 6/6
  1287 | D:2      | Found a burning altar of Makhleb.
  1341 | D:2      | Noticed Natasha
  1354 | D:2      | Mangled by Natasha

Levels and vault maps discovered:
D:1:      sevenhm_arrival_forest_fort_large_3, layout_basic
D:2:      layout_basic, lemuel_crystal_altar, serial_undead, serial_undead_f,
          serial_undead_a, serial_undead_d, serial_undead_b, serial_undead_b,
          serial_undead_c, serial_undead_d, serial_undead_d, serial_undead_d,
          serial_undead_b, uniq_natasha, uniq_jessica

Action                   || total
-------------------------++-------
Melee: Unarmed           ||   120
       Tailslap          ||    15
       Headbutt          ||     7
       Kick              ||    14
       Punch             ||     1
 Cast: Beastly Appendage ||    18
  Eat: Chunk             ||     2
Armor: Skin              ||    29
Dodge: Dodged            ||    72
